 Dungeon Crawl Stone Soup version 0.23.2-1-ga50397a6bc (webtiles) character file.

Game seed: 5085201134931894057

137 Hanswurst the Chopper (level 5, -2/45 HPs)
             Began as a Hill Orc Warper on May 15, 2019.
             Killed by nerve-wracking pain
             ... invoked by an orc priest
              (13 damage)
             ... on level 3 of the Dungeon.
             The game lasted 00:19:47 (2151 turns).

Hanswurst the Chopper (Hill Orc Warper)             Turns: 2151, Time: 00:19:50

Health: -2/45      AC:  6    Str: 15    XL:     5   Next: 20%
Magic:  7/7        EV:  9    Int: 13    God:
Gold:   35         SH:  4    Dex: 10    Spells: 7/7 levels left

rFire    . . .     SeeInvis .   a - +0 hand axe
rCold    . . .     Gourm    .   (no shield)
rNeg     . . .     Faith    .   g - +0 scale mail
rPois    .         Spirit   .   (no helmet)
rElec    .         Reflect  +   o - scarf {repulsion}
rCorr    .         Harm     .   (no gloves)
MR       .....                  (no boots)
Stlth    ..........             v - +4 amulet of reflection
HPRegen  0.15/turn              p - ring of attention (curse)
MPRegen  0.10/turn              (no ring)

@: lethally poisoned (-2 -> -6), drained, repel missiles
A: no striking features
a: Convert to Beogh


You were on level 3 of the Dungeon.
You were not hungry.

You visited 1 branch of the dungeon, and saw 3 of its levels.

You collected 35 gold pieces.

Inventory:

Hand Weapons
 a - a +0 hand axe (weapon)
 t - a +0 dagger of draining
 x - a +0 falchion
 y - a +0 mace
Missiles
 e - 5 tomahawks of dispersal
 j - 8 tomahawks (quivered)
Armour
 b - a +0 leather armour
 g - a +0 scale mail (worn)
 o - a scarf of repulsion (worn)
 q - a +0 ring mail
Jewellery
 p - a cursed ring of attention (left hand)
 v - a +4 amulet of reflection (around neck)
 z - an uncursed ring of protection from cold {unknown}
Scrolls
 c - a scroll of enchant armour {unknown}
 d - a scroll of blinking
 k - 2 scrolls of identify {unknown}
 l - 2 scrolls of magic mapping {unknown}
 s - a scroll of teleportation {unknown}
Potions
 h - 2 potions of flight {unknown}
 i - a potion of cancellation {unknown}
 m - a potion of ambrosia {unknown}
 n - 2 potions of curing {unknown}
 r - a potion of agility {unknown}
Comestibles
 f - 8 rations
 u - 5 chunks of flesh


   Skills:
 + Level 3.3(2.3) Fighting
 + Level 4.9(3.9) Axes
 + Level 0.8(0.0) Throwing
 + Level 2.2(1.3) Armour
 + Level 2.2(1.3) Dodging
 + Level 0.3(0.0) Stealth
 + Level 1.8(0.9) Spellcasting
   Level 2.4(1.5) Translocations


You had 7 spell levels left.
You didn't know any spells.
Your spell library contained the following spells:

 Spells                   Type           Power        Failure   Level  Hunger
 Blink                    Tloc           N/A          67%         2    ###....
 Shroud of Golubria       Chrm/Tloc      #.........   77%         2    ###....
 Gell's Gravitas          Tloc           #.........   88%         3    ####...
 Lesser Beckoning         Tloc           #.........   88%         3    ####...
 Teleport Other           Tloc           #.......     88%         3    ####...
 Passage of Golubria      Tloc           N/A          99%         4    #####..


Dungeon Overview and Level Annotations

Branches:
Dungeon (3/15)

Altars:
Ru

Annotations:
D:2 1 runed translucent door, Crazy Yiuf


Message History

Okay, then.
Wield which item (- for none, * to show all)? (? for menu, Esc to quit)
a - a +0 hand axe (weapon)
You feel sick. The adder bites you but does no damage.
You hit the adder but do no damage.
The adder is almost dead.
You hit the orc priest but do no damage.
The orc priest threatens, "By the altar or by the axe, you will meet Beogh!"
The adder barely misses you.
The orc priest hits you but does no damage.
The orc priest shouts, "Join the one true god or die!"
Unknown command.
You hit the orc priest.
The orc priest is almost dead.
You hit the adder.
You kill the adder!
You feel sick.
The orc priest invokes the aid of Beogh against you.
Pain shoots through your body!
You die...

###..........
............
..........#
#.........#
##.........#
##..........#
#..........#
##o)#.<.....#
#.@###.รท...##
#.o.###....#
...#.#
####....# ####
.# ##.# .# .
.# .# ##


You could see an orc priest and an orc.

Vanquished Creatures
  An orc wizard (D:2)
  4 adders
  2 leopard geckos (D:2)
  3 orcs (D:3)
  A giant cockroach (D:1)
  9 goblins
  8 hobgoblins
  3 jackals (D:1)
  2 quokkas (D:2)
  A ball python (D:3)
  6 bats
  8 frilled lizards
  12 kobolds
  7 rats
67 creatures vanquished.

Notes
Turn   | Place    | Note
-------+----------+-------------------------------------------
     0 | D:1      | Hanswurst the Hill Orc Warper began the quest for the Orb.
     0 | D:1      | Reached XP level 1. HP: 18/18 MP: 3/3
   233 | D:1      | Reached skill level 3 in Axes
   265 | D:1      | Reached XP level 2. HP: 25/25 MP: 4/4
   617 | D:1      | Reached XP level 3. HP: 26/30 MP: 5/5
   888 | D:2      | HP: 1/30 [adder (2)]
  1395 | D:2      | Found a sacrificial altar of Ru.
  1404 | D:2      | Reached skill level 4 in Axes
  1404 | D:2      | Reached XP level 4. HP: 29/38 MP: 6/6
  2031 | D:2      | Found a runed translucent door.
  2032 | D:2      | Noticed Crazy Yiuf
  2110 | D:3      | Reached XP level 5. HP: 41/45 MP: 7/7
  2151 | D:3      | Killed from afar by an orc priest

Skill      XL: |  1  2  3 |
---------------+----------+-----
Axes           | 3 4 |  4.9
Dodging        | 2 |  2.2
Fighting       | 3 |  3.3
Armour         | 2 |  2.2
Throwing       | |  0.8
Stealth        | |  0.3
Spellcasting   | |  1.8
Translocations | |  2.4

Action                   |  1- 3 |  4- 6 || total
-------------------------+-------+-------++-------
Melee: Hand axe          |   156 |   109 ||   265
  Use: Potion            |     2 |     1 ||     3
  Eat: Chunk             |     2 |     2 ||     4
Armor: Leather armour    |    23 |       ||    23
       Ring mail         |    13 |       ||    13
       Scale mail        |     1 |    63 ||    64
Dodge: Dodged            |   100 |    67 ||   167
       Deflected         |       |     2 ||     2
Block: Other             |       |    15 ||    15
